Jhelna, lawful female dwarven Archeologist ------------------------ |..*.......*.......*...| |..-------------------f| ----.-- ---- |f| |.....-----..| |f| |............| |h| --.......|...| |m| --......|...| |`| |.----.--.-| ------|.| --...--.....| --|.....|.| |...........| |.+.....|.| |...---.--.-| |-|.....|.| |...|.......| |.+.....+.| --.---.......| |-|.....|-- |............| |.+.....| |.>..|.......| --|.....| -------------- ------- Jhelna the Field Worker Experience level: 3 Strength: 17 Dexterity: 8 Constitution: 14 Intelligence: 14 Wisdom: 16 Charisma: 11 Health: 0(28) Energy: 15(15) Def: 1 Gold: 340 Moves: 4793 Dungeon seed: eb7LbgfRvcxWOruQ Game ID: Jhelna_1433785505 Your Inventory: Coins $ - 340 gold pieces Amulets y - an uncursed amulet of restful sleep F - an uncursed amulet versus poison (being worn) Weapons a - an uncursed +2 bullwhip H - an uncursed +0 crossbow Armor e - an uncursed +0 leather jacket (being worn) n - a blessed +0 fedora (being worn) r - an uncursed +0 orcish helm Comestibles b - 6 uncursed food rations k - an uncursed eucalyptus leaf K - an uncursed egg R - 2 uncursed cloves of garlic X - 3 uncursed cream pies Scrolls G - an uncursed scroll of scare monster N - an uncursed scroll of earth Potions t - a cursed potion of hallucination Rings m - an uncursed ring of polymorph control P - an uncursed ring of see invisible (on right hand) Q - an uncursed ring of regeneration (on left hand) Wands j - an uncursed wand of locking (0:0) p - an uncursed wand of probing (0:6) u - an uncursed wand of undead turning (0:2) D - an uncursed wand of slow monster (0:2) M - an uncursed wand of slow monster (0:5) V - an uncursed wand of sleep (0:4) Y - a blessed wand of locking (0:8) Tools c - an uncursed +0 pick-axe (weapon in hand) d - an uncursed tinning kit (0:85) f - an uncursed sack g - an uncursed tin opener h - an uncursed oil lamp (0:938) i - an uncursed bell z - an uncursed bell W - an uncursed magic marker (0:77) Gems q - an uncursed touchstone Spells known in the end: Name Level Category Fail Memory Your skills at the end: Fighting Skills Weapon Skills pick-axe [Basic] whip [Basic] Spellcasting Skills Final Attributes: You were fervently aligned. You were poison resistant. You saw invisible. You were telepathic. You had infravision. You were stealthy. You were held by a giant mimic. You regenerated. You were fast. You were unlucky. You are dead. Vanquished creatures: a pony a shrieker a floating eye 2 dwarf zombies a wererat a werejackal 4 coyotes a gas spore a hobbit a giant rat a cave spider 3 brown molds 2 green molds a red mold 3 gnomes 3 gnome zombies 4 geckos 8 jackals a fox 3 goblins 6 sewer rats 8 grid bugs 2 bats 2 lichens 2 kobold zombies 3 newts 66 creatures vanquished. Voluntary challenges: You had followed a strict vegan diet until turn 1806. You had followed a strict vegetarian diet until turn 1806. You were an atheist. You used a wielded weapon 41 times, starting on turn 38. You read items or engraved 7 times, starting on turn 493. You never genocided any monsters. You never polymorphed an object. You never changed form. You cheated in Sokoban 6 times, without finishing. You used no wishes. You never split a pudding. You wrote Elbereth's name 1 time, starting on turn 2002. You never violated your personal moral code. Dungeon overview: The Dungeons of Doom: levels 1 to 6 Level 1 a fountain a long staircase Level 2 a long staircase Level 3 (2 locked chests) a general store, a fountain, a sink Level 4 a fountain Level 5 many fountains Level 6 stairs to Sokoban Sokoban: levels 2 to 5 Level 2 <- You were here Level 3 Level 4 Level 5 stairs to The Dungeons of Doom History has recorded: On T:1 you entered the Dungeons of Doom to retrieve the Amulet of Yendor! On T:339 you reached level 2 of The Dungeons of Doom. On T:581 you reached level 3 of The Dungeons of Doom. On T:1003 you reached level 4 of The Dungeons of Doom. On T:1066 you advanced to experience level 2. On T:1345 you reached level 5 of The Dungeons of Doom. On T:1883 you advanced to experience level 3. On T:1936 you reached level 6 of The Dungeons of Doom. On T:2149 you reached level 4 of Sokoban. On T:2489 you reached level 3 of Sokoban. On T:3169 you reached level 2 of Sokoban. On T:3731 you reached level 1 of Sokoban. Score breakdown: Gold: 340 ( 8615 points) Experience: 3 levels ( 7878 points) Exploration: 6 levels ( 11.76%) ( 9486 points) Discoveries: 8 items ( 2.74%) ( 4965 points) Valuables value: (no points given unless you survive) Artifact value: 0 ( 0 points) Variety of kills: 26 monsters ( 6.86%) ( 7857 points) Time penalty: 4793 turns (-1292 points) Survival: died (score multiplied by 80%) Total score: 30007 Latest messages: You hit the giant mimic. The giant mimic hits! (2x) You die... The sack is empty. The sack is empty. Final status: Goodbye Jhelna the Archeologist, killed by a giant mimic... You died in Sokoban on dungeon level 2 with 30007 points, and 340 pieces of gold, after 4793 moves. You were level 3 with a maximum of 28 hit points when you died.